General information
- name: BNet
- type: Ladder team game (AT/RT)
- host: Battle.net
- saver: MountainKings
map: TwilightRuins
- players: 8
- length: 52:32
- speed: Fast
- version: 1.26 W3XP
- replay type: Public
» download(289 KB)
Players
team 1 (loser)

»
SubZeroLives (
green | 42 APM | 2035 actions | 48:20)
6 Archmage
3 Summon Water Elemental
2 Brilliance Aura
1 Mass Teleport
4 Blood Mage
2 Flame Strike
2 Siphon Mana
» actions
| Assign group hotkey | 18 | |
| Basic commands | 17 | |
| Build / train | 91 | |
| Enter build submenu | 29 | |
| Enter hero's abilities submenu | 10 | |
| Give item / drop item | 1 | |
| Right click | 944 | |
| Select / deselect | 317 | |
| Select group hotkey | 523 | |
| Use ability | 82 | |
2035 total
» units
| Peasant | 22 | |
| Footman | 16 | |
| Gryphon Rider | 10 | |
| Dragonhawk Rider | 2 | |
50 total
» upgrades
| Defend | 1 | |
| Masonry | 3 | |
| Swords | 3 | |
| Lumber Harvesting | 2 | |
| Armor | 3 | |
| Plating | 2 | |
| Animal War Training | 1 | |
| Storm Hammers | 1 | |
| Cloud | 1 | |
17 total
» buildings
| Farm | 10 | |
| Altar of Kings | 1 | |
| Barracks | 1 | |
| Lumber Mill | 1 | |
| Arcane Vault | 1 | |
| Town Hall | 2 | |
| Blacksmith | 1 | |
| Keep | 1 | |
| Castle | 1 | |
| Gryphon Aviary | 3 | |
| Scout Tower | 6 | |
| Guard Tower | 3 | |
31 total
» build order
00:22 Farm
00:37 Altar of Kings
00:51 Barracks
00:58 Farm
01:35 Farm
01:59 Lumber Mill
02:12 Farm
02:51 Farm
03:10 Arcane Vault
03:36 Farm
04:30 Town Hall
05:02 Blacksmith
06:03 Keep
07:20 Farm
08:36 Castle
08:41 Farm
09:25 Farm
10:02 Gryphon Aviary
10:21 Gryphon Aviary
10:24 Gryphon Aviary
11:48 Farm
21:23 Town Hall
22:35 Scout Tower
25:10 Scout Tower
25:13 Scout Tower
25:54 Guard Tower
26:13 Scout Tower
26:15 Scout Tower
26:45 Guard Tower
26:47 Scout Tower
26:48 Guard Tower
» items
| Scroll of Regeneration | 3 | |
| Scroll of Town Portal | 3 | |
| Potion of Healing | 1 | |
7 total

»
kim.il.sung (
blue | 20 APM | 628 actions | 31:30)
4 Priestess of the Moon
2 Trueshot Aura
2 Searing Arrows
» actions
| Basic commands | 1 | |
| Build / train | 56 | |
| Enter build submenu | 15 | |
| Enter hero's abilities submenu | 4 | |
| Right click | 241 | |
| Select / deselect | 276 | |
| Use ability | 35 | |
628 total
» units
| Wisp | 11 | |
| Glaive Thrower | 15 | |
| Huntress | 3 | |
| Dryad | 3 | |
| Mountain Giant | 3 | |
35 total
» upgrades
| Ultravision | 1 | |
| Strength of the Moon | 1 | |
| Moon Armor | 1 | |
| Strength of the Wild | 1 | |
| Reinforced Hides | 1 | |
| Abolish Magic | 1 | |
| Resistant Skin | 1 | |
| Hardened Skin | 1 | |
8 total
» buildings
| Moon Well | 7 | |
| Altar of Elders | 1 | |
| Hunter's Hall | 1 | |
| Ancient of War | 2 | |
| Tree of Ages | 1 | |
| Ancient of Wonders | 1 | |
| Tree of Eternity | 1 | |
| Ancient of Lore | 3 | |
17 total
» build order
00:21 Moon Well
00:43 Altar of Elders
01:27 Hunter's Hall
01:41 Ancient of War
02:01 Ancient of War
02:16 Moon Well
02:17 Moon Well
09:21 Tree of Ages
09:25 Moon Well
09:25 Moon Well
11:52 Ancient of Wonders
12:05 Tree of Eternity
14:58 Ancient of Lore
15:03 Ancient of Lore
15:09 Ancient of Lore
16:44 Moon Well
16:45 Moon Well
» items
| Scroll of Town Portal | 3 | |
| Potion of Healing | 1 | |
| Orb of Venom | 1 | |
| Anti-magic Potion | 1 | |
6 total
KnightOfNights (
orange | 53 APM | 2802 actions | 52:31)
10 Blademaster
3 Wind Walk
3 Critical Strike
1 Bladestorm
3 Mirror Image
» actions
| Assign group hotkey | 40 | |
| Basic commands | 97 | |
| Build / train | 87 | |
| Enter build submenu | 70 | |
| Enter hero's abilities submenu | 10 | |
| Give item / drop item | 9 | |
| Right click | 1194 | |
| Select / deselect | 471 | |
| Select group hotkey | 604 | |
| Use ability | 220 | |
2802 total
» units
| Peon | 16 | |
| Grunt | 3 | |
| Goblin Shredder | 1 | |
| Goblin Zeppelin | 2 | |
| Goblin Sapper | 10 | |
| Troll Batrider | 5 | |
| Raider | 4 | |
41 total
» upgrades
| Ranged Weapons | 3 | |
| Armor | 4 | |
| Reinforced Defenses | 1 | |
| Troll Regeneration | 1 | |
| Liquid Fire | 1 | |
| Envenomed Spears | 1 | |
| Spiked Barricades | 2 | |
| Ensnare | 1 | |
| Melee Weapons | 3 | |
| Pillage | 1 | |
18 total
» buildings
| Orc Burrow | 3 | |
| Altar of Storms | 1 | |
| Barracks | 1 | |
| Voodoo Lounge | 3 | |
| War Mill | 1 | |
| Watch Tower | 52 | |
| Stronghold | 1 | |
| Great Hall | 2 | |
| Fortress | 1 | |
| Beastiary | 5 | |
70 total
» build order
00:20 Orc Burrow
00:53 Altar of Storms
00:54 Barracks
01:13 Orc Burrow
02:12 Voodoo Lounge
02:19 War Mill
03:33 Watch Tower
03:36 Watch Tower
03:38 Watch Tower
04:23 Watch Tower
04:24 Watch Tower
04:27 Watch Tower
04:44 Watch Tower
04:46 Watch Tower
06:33 Stronghold
06:40 Watch Tower
07:35 Watch Tower
08:47 Great Hall
08:56 Watch Tower
08:56 Watch Tower
08:58 Watch Tower
09:44 Watch Tower
09:46 Watch Tower
09:49 Watch Tower
12:02 Fortress
12:07 Watch Tower
12:08 Watch Tower
12:08 Watch Tower
12:09 Watch Tower
12:16 Watch Tower
12:18 Watch Tower
12:21 Watch Tower
12:30 Watch Tower
12:34 Watch Tower
12:45 Watch Tower
13:19 Orc Burrow
13:23 Voodoo Lounge
15:04 Beastiary
15:13 Beastiary
16:01 Beastiary
16:34 Beastiary
19:32 Watch Tower
19:32 Watch Tower
19:34 Watch Tower
19:34 Watch Tower
19:40 Watch Tower
19:44 Watch Tower
25:27 Beastiary
25:51 Watch Tower
25:53 Watch Tower
25:55 Watch Tower
25:59 Watch Tower
29:03 Watch Tower
30:22 Great Hall
30:26 Watch Tower
30:26 Watch Tower
30:27 Watch Tower
30:27 Watch Tower
30:31 Watch Tower
30:32 Watch Tower
30:36 Watch Tower
30:36 Watch Tower
30:37 Watch Tower
30:37 Watch Tower
30:49 Voodoo Lounge
31:20 Watch Tower
31:21 Watch Tower
31:23 Watch Tower
31:26 Watch Tower
31:28 Watch Tower
» items
| Healing Salve | 6 | |
| Boots of Speed | 1 | |
| Tiny Great Hall | 1 | |
| Periapt of Vitality | 1 | |
| Orb of Lightning | 1 | |
| Potion of Mana | 2 | |
| Lesser Clarity Potion | 2 | |
| Scroll of Town Portal | 1 | |
15 total
assesino (
teal | 12 APM | 556 actions | 48:09)
3 Blood Mage
2 Flame Strike
1 Banish
» actions
| Basic commands | 2 | |
| Build / train | 41 | |
| ESC pressed | 3 | |
| Enter build submenu | 19 | |
| Enter hero's abilities submenu | 2 | |
| Right click | 318 | |
| Select / deselect | 136 | |
| Use ability | 35 | |
556 total
» units
| Peasant | 8 | |
| Footman | 6 | |
| Rifleman | 7 | |
| Gryphon Rider | 11 | |
| Goblin Shredder | 1 | |
33 total
» upgrades
» buildings
| Altar of Kings | 1 | |
| Farm | 14 | |
| Lumber Mill | 1 | |
| Barracks | 1 | |
| Scout Tower | 5 | |
| Keep | 1 | |
| Blacksmith | 1 | |
| Castle | 1 | |
| Guard Tower | 1 | |
| Gryphon Aviary | 4 | |
| Town Hall | 1 | |
31 total
» build order
00:29 Altar of Kings
00:45 Farm
00:47 Farm
00:47 Farm
01:16 Lumber Mill
01:38 Barracks
02:09 Farm
02:49 Farm
03:00 Scout Tower
03:31 Farm
03:38 Keep
03:59 Scout Tower
04:29 Farm
04:40 Scout Tower
05:07 Blacksmith
05:23 Scout Tower
05:54 Scout Tower
06:16 Castle
10:24 Guard Tower
10:44 Gryphon Aviary
10:46 Gryphon Aviary
10:48 Gryphon Aviary
10:50 Gryphon Aviary
17:04 Farm
17:15 Farm
17:17 Farm
17:19 Farm
17:23 Farm
17:23 Farm
17:25 Farm
39:42 Town Hall
team 2 (winner)

»
MK-Z (
red | 63 APM | 3300 actions | 52:31)
7 Paladin
2 Holy Light
3 Devotion Aura
1 Divine Shield
1 Resurrection
6 Archmage
2 Summon Water Elemental
3 Brilliance Aura
1 Mass Teleport
» actions
| Assign group hotkey | 146 | |
| Basic commands | 329 | |
| Build / train | 102 | |
| ESC pressed | 4 | |
| Enter build submenu | 43 | |
| Enter hero's abilities submenu | 13 | |
| Give item / drop item | 7 | |
| Remove unit from queue | 1 | |
| Right click | 903 | |
| Select / deselect | 696 | |
| Select group hotkey | 888 | |
| Use ability | 167 | |
3300 total
» units
| Peasant | 17 | |
| Footman | 9 | |
| Rifleman | 4 | |
| Spell Breaker | 4 | |
| Knight | 6 | |
| Siege Engine | 8 | |
| Priest | 1 | |
| Flying Machine | 1 | |
50 total
» upgrades
| Masonry | 3 | |
| Lumber Harvesting | 2 | |
| Swords | 2 | |
| Plating | 3 | |
| Barrage | 1 | |
| Animal War Training | 1 | |
| Gunpowder | 3 | |
15 total
» buildings
| Altar of Kings | 1 | |
| Farm | 12 | |
| Barracks | 2 | |
| Scout Tower | 3 | |
| Arcane Vault | 1 | |
| Arcane Tower | 1 | |
| Lumber Mill | 1 | |
| Town Hall | 3 | |
| Keep | 1 | |
| Blacksmith | 1 | |
| Guard Tower | 2 | |
| Arcane Sanctum | 2 | |
| Castle | 1 | |
| Workshop | 2 | |
33 total
» build order
00:08 Altar of Kings
00:11 Farm
00:20 Barracks
00:48 Farm
01:36 Scout Tower
01:59 Arcane Vault
02:13 Arcane Tower
02:34 Farm
03:01 Lumber Mill
04:12 Town Hall
04:28 Keep
04:53 Farm
05:26 Blacksmith
05:32 Farm
06:11 Scout Tower
07:40 Guard Tower
07:59 Arcane Sanctum
08:01 Arcane Sanctum
08:54 Castle
08:56 Barracks
10:25 Farm
10:48 Scout Tower
11:21 Farm
11:23 Farm
12:16 Farm
12:33 Farm
12:34 Guard Tower
13:09 Workshop
16:34 Farm
18:17 Workshop
19:31 Farm
20:15 Town Hall
31:38 Town Hall
» items
| Scroll of Regeneration | 3 | |
| Potion of Healing | 4 | |
| Lesser Clarity Potion | 1 | |
| Scroll of Town Portal | 5 | |
| Scroll of Healing | 2 | |
| Orb of Fire | 1 | |
16 total

»
Better_Dead (
purple | 31 APM | 1643 actions | 52:31)
4 Priestess of the Moon
2 Scout
2 Trueshot Aura
2 Demon Hunter
1 Immolation
1 Evasion
1 Warden
1 Shadow Strike
» actions
| Assign group hotkey | 12 | |
| Basic commands | 16 | |
| Build / train | 82 | |
| Enter build submenu | 20 | |
| Enter hero's abilities submenu | 7 | |
| Remove unit from queue | 2 | |
| Right click | 845 | |
| Select / deselect | 296 | |
| Select group hotkey | 319 | |
| Use ability | 44 | |
1643 total
» units
| Wisp | 24 | |
| Archer | 22 | |
| Hippogryph | 13 | |
59 total
» upgrades
| Hippogryph Taming | 1 | |
| Improved Bows | 1 | |
| Strength of the Moon | 1 | |
| Strength of the Wild | 1 | |
| Reinforced Hides | 1 | |
| Marksmanship | 1 | |
6 total
» buildings
| Moon Well | 8 | |
| Altar of Elders | 1 | |
| Ancient of War | 1 | |
| Ancient of Wonders | 1 | |
| Tree of Ages | 1 | |
| Hunter's Hall | 1 | |
| Ancient Protector | 1 | |
| Ancient of Wind | 2 | |
| Tree of Life | 3 | |
| Tree of Eternity | 1 | |
20 total
» build order
00:23 Moon Well
00:29 Altar of Elders
00:42 Ancient of War
01:55 Moon Well
02:46 Ancient of Wonders
03:03 Moon Well
04:27 Moon Well
04:33 Tree of Ages
04:40 Hunter's Hall
05:05 Moon Well
06:01 Ancient Protector
09:16 Ancient of Wind
09:21 Ancient of Wind
13:01 Moon Well
13:27 Moon Well
13:50 Moon Well
16:20 Tree of Life
18:03 Tree of Eternity
25:56 Tree of Life
31:14 Tree of Life
» items
| Scroll of Regeneration | 1 | |
| Lesser Clarity Potion | 1 | |
| Scroll of Town Portal | 1 | |
3 total
MountainKings (
yellow | 76 APM | 4003 actions | 52:32)
6 Mountain King
3 Storm Bolt
2 Thunder Clap
1 Avatar
5 Paladin
3 Holy Light
2 Divine Shield
» actions
| Assign group hotkey | 54 | |
| Basic commands | 325 | |
| Build / train | 227 | |
| ESC pressed | 8 | |
| Enter build submenu | 61 | |
| Enter hero's abilities submenu | 12 | |
| Give item / drop item | 10 | |
| Remove unit from queue | 1 | |
| Right click | 1313 | |
| Select / deselect | 717 | |
| Select group hotkey | 955 | |
| Use ability | 320 | |
4003 total
» units
| Peasant | 26 | |
| Footman | 8 | |
| Goblin Shredder | 4 | |
| Sorceress | 1 | |
| Mortar Team | 4 | |
| Siege Engine | 7 | |
| Goblin Zeppelin | 3 | |
| Knight | 1 | |
54 total
» upgrades
| Masonry | 3 | |
| Lumber Harvesting | 2 | |
| Swords | 5 | |
| Gunpowder | 3 | |
| Sorceress Training | 2 | |
| Armor | 3 | |
| Magic Sentry | 1 | |
| Plating | 3 | |
| Barrage | 1 | |
| Fragmentation Shards | 1 | |
| Flare | 1 | |
| Animal War Training | 1 | |
| Flak Cannons | 1 | |
| Flying Machine Bombs | 1 | |
| Priest Training | 1 | |
| Control Magic | 1 | |
30 total
» buildings
| Altar of Kings | 2 | |
| Barracks | 1 | |
| Farm | 7 | |
| Arcane Vault | 1 | |
| Lumber Mill | 1 | |
| Keep | 10 | |
| Town Hall | 5 | |
| Scout Tower | 57 | |
| Guard Tower | 55 | |
| Arcane Sanctum | 1 | |
| Blacksmith | 1 | |
| Workshop | 5 | |
| Castle | 8 | |
154 total
» build order
01:08 Altar of Kings
01:09 Barracks
01:10 Farm
01:12 Altar of Kings
01:21 Farm
01:36 Farm
01:57 Arcane Vault
02:30 Farm
02:40 Farm
03:04 Farm
03:08 Lumber Mill
04:21 Keep
04:21 Keep
04:42 Town Hall
06:14 Farm
07:17 Scout Tower
07:19 Scout Tower
07:22 Scout Tower
07:22 Scout Tower
07:46 Guard Tower
08:07 Guard Tower
08:07 Guard Tower
08:19 Arcane Sanctum
08:23 Blacksmith
09:39 Scout Tower
09:40 Scout Tower
09:47 Workshop
10:10 Guard Tower
10:10 Guard Tower
10:12 Guard Tower
10:12 Guard Tower
13:16 Castle
13:17 Castle
14:03 Keep
14:03 Keep
15:10 Town Hall
16:10 Scout Tower
16:11 Scout Tower
16:19 Scout Tower
16:20 Scout Tower
16:21 Scout Tower
16:22 Scout Tower
16:23 Scout Tower
16:25 Scout Tower
16:27 Scout Tower
16:30 Scout Tower
16:31 Scout Tower
16:32 Scout Tower
16:33 Scout Tower
16:34 Scout Tower
16:38 Scout Tower
16:39 Scout Tower
16:40 Scout Tower
16:55 Castle
16:55 Castle
16:55 Castle
16:55 Guard Tower
16:56 Guard Tower
16:56 Guard Tower
16:56 Guard Tower
17:04 Guard Tower
17:04 Guard Tower
17:04 Guard Tower
17:12 Guard Tower
17:12 Guard Tower
17:13 Guard Tower
17:34 Guard Tower
17:35 Guard Tower
17:35 Guard Tower
17:38 Keep
17:38 Keep
17:55 Guard Tower
17:55 Guard Tower
17:55 Guard Tower
18:09 Guard Tower
18:10 Guard Tower
18:14 Guard Tower
18:15 Guard Tower
18:21 Scout Tower
18:22 Scout Tower
18:23 Scout Tower
18:24 Scout Tower
18:25 Scout Tower
18:27 Scout Tower
18:28 Scout Tower
18:34 Guard Tower
18:34 Guard Tower
19:46 Workshop
19:47 Workshop
19:49 Workshop
19:50 Workshop
19:57 Guard Tower
19:57 Guard Tower
21:09 Scout Tower
21:10 Scout Tower
21:11 Scout Tower
21:12 Scout Tower
21:13 Scout Tower
21:14 Scout Tower
21:15 Scout Tower
24:08 Scout Tower
24:09 Scout Tower
24:10 Scout Tower
24:11 Scout Tower
24:12 Scout Tower
24:13 Scout Tower
24:14 Scout Tower
24:43 Guard Tower
24:43 Guard Tower
24:43 Guard Tower
25:37 Guard Tower
26:28 Town Hall
26:30 Scout Tower
26:30 Scout Tower
26:31 Scout Tower
26:34 Scout Tower
26:35 Scout Tower
26:35 Scout Tower
26:36 Scout Tower
26:37 Scout Tower
26:38 Scout Tower
26:40 Scout Tower
26:41 Scout Tower
26:43 Scout Tower
26:45 Scout Tower
27:04 Guard Tower
28:02 Guard Tower
30:20 Guard Tower
30:20 Guard Tower
30:21 Guard Tower
33:49 Town Hall
40:26 Town Hall
» items
| Boots of Speed | 2 | |
| Periapt of Vitality | 3 | |
| Scroll of Regeneration | 7 | |
| Lesser Clarity Potion | 3 | |
| Staff of Teleportation | 2 | |
| Scroll of Town Portal | 3 | |
| Pendant of Energy | 2 | |
| Circlet of Nobility | 1 | |
| Orb of Venom | 2 | |
| Ring of Regeneration | 2 | |
27 total
MK_GRIFFS_NUKE (
pink | 50 APM | 2625 actions | 52:31)
7 Mountain King
3 Storm Bolt
3 Bash
1 Avatar
» actions
| Assign group hotkey | 72 | |
| Basic commands | 47 | |
| Build / train | 37 | |
| Enter build submenu | 15 | |
| Enter hero's abilities submenu | 7 | |
| Give item / drop item | 1 | |
| Right click | 1332 | |
| Select / deselect | 193 | |
| Select group hotkey | 826 | |
| Use ability | 95 | |
2625 total
» units
» upgrades
| Masonry | 2 | |
| Lumber Harvesting | 1 | |
3 total
» buildings
| Altar of Kings | 1 | |
| Farm | 6 | |
| Lumber Mill | 1 | |
| Scout Tower | 5 | |
| Arcane Tower | 2 | |
| Guard Tower | 3 | |
| Keep | 1 | |
| Arcane Vault | 1 | |
| Castle | 2 | |
| Gryphon Aviary | 2 | |
| Town Hall | 1 | |
25 total
» build order
00:10 Altar of Kings
00:21 Farm
00:39 Lumber Mill
01:07 Scout Tower
01:22 Farm
01:35 Arcane Tower
01:40 Scout Tower
02:12 Arcane Tower
02:14 Guard Tower
02:22 Scout Tower
02:50 Keep
02:57 Guard Tower
03:20 Arcane Vault
03:30 Scout Tower
03:32 Scout Tower
04:05 Guard Tower
04:34 Farm
04:36 Farm
04:37 Farm
04:39 Farm
05:12 Castle
05:48 Gryphon Aviary
06:15 Gryphon Aviary
13:12 Town Hall
» items
| Staff of Teleportation | 1 | |
| Staff of Preservation | 1 | |
| Scroll of Regeneration | 2 | |
| Potion of Healing | 2 | |
| Potion of Invisibility | 1 | |
| Scroll of Town Portal | 1 | |
8 total
Chat log
(00:27 / All) MountainKings: Kim Il Sung are you trying to get good at WC3 so you can compete at WCG and get tournament money to help out your country?
(00:58 / All) kim.il.sung: get good i am the best
(01:19 / All) MountainKings: You better be, the eternal leadérs mistakes will be too
(01:54 / All) kim.il.sung: only my physical exteriour was immortal
(02:30 / All) kim.il.sung: i decended from the heavens on a rainbow
(03:06 / All) MK_GRIFFS_NUKE: anyone here play star wars battlefront 2 on pc?
(03:09 / All) MK_GRIFFS_NUKE: how is online
(03:28 / Allies) MountainKings: That's mine, prick
(03:32 / Allies) MountainKings: send your peons away
(03:53 / All) MountainKings: Red is an expo thief
(03:54 / All) KnightOfNights: typical
(03:58 / Allies) MK_GRIFFS_NUKE: ur a great player red
(04:05 / All) kim.il.sung: tk the expo thief
(04:05 / All) KnightOfNights: fucking faggot
(04:07 / Allies) MK-Z: thx
(04:11 / All) kim.il.sung: its the price for treason
(05:08 / All) KnightOfNights: Jesus fucking christ
(05:12 / All) MountainKings: Hate these fucking orc skellies
(05:52 / All) KnightOfNights: I TK red and purple everyime
(06:23 / Allies) MK_GRIFFS_NUKE: wood purp?
(06:55 / All) KnightOfNights: You see that red and purple? I fucking TK you every time I see you
(06:57 / All) KnightOfNights: Faggots
(07:14 / Allies) MK_GRIFFS_NUKE: GOLD
(07:16 / Allies) MK_GRIFFS_NUKE: SO I CAN REPAIR LOL
(08:24 / Allies) MK_GRIFFS_NUKE: GOLD
(12:03 / Allies) MK_GRIFFS_NUKE: purple get ur ass over here
(12:05 / Allies) MK_GRIFFS_NUKE: dumb nigger
(12:13 / Allies) MK-Z: go nw
(12:53 / Allies) MK_GRIFFS_NUKE: wood plz need for expo
(13:22 / Allies) MK_GRIFFS_NUKE: purple wood me faggot
(15:17 / Allies) MK-Z: wtf
(15:21 / Allies) MK-Z: stop
(15:29 / Allies) MountainKings: wtf is that?
(15:30 / Allies) MK-Z: yo guys, wtf
(15:33 / Allies) MK-Z: purple comon
(15:46 / Allies) MK-Z: i am tyring my ass to fight
(15:50 / Allies) MK-Z: you guy start another war
(15:53 / Allies) Better_Dead: hes
(15:56 / Allies) MK_GRIFFS_NUKE: well the faggot wouldnt give me wood
(16:01 / Allies) Better_Dead: bull shit you keep attacking me
(16:07 / Allies) MK_GRIFFS_NUKE: he wouldn't tp to my base
(18:51 / Allies) MK_GRIFFS_NUKE: hit green expo
(18:57 / Allies) MK-Z: k
(20:26 / Allies) MK_GRIFFS_NUKE: unmount
(22:37 / Allies) MK_GRIFFS_NUKE: gold me?
(23:10 / Allies) MK_GRIFFS_NUKE: send tanks there red
(24:24 / All) KnightOfNights: little bitch
(24:35 / All) KnightOfNights: I swear on me mums life
(25:15 / All) KnightOfNights: klept pressing b
(25:20 / Allies) MK-Z: need some more aa
(25:32 / All) KnightOfNights: bitch
(27:09 / All) KnightOfNights: did they nerf spapers
(27:20 / All) KnightOfNights: no shop teal?
(28:43 / All) MK_GRIFFS_NUKE: rapeddd
(28:45 / All) MK_GRIFFS_NUKE: bitch
(28:53 / All) MK_GRIFFS_NUKE: where ur heros green
(28:54 / All) kim.il.sung: only caue oj trolled
(29:03 / All) MK_GRIFFS_NUKE: oh stfu u took out my base
(29:05 / All) MK_GRIFFS_NUKE: it was 3v3
(29:08 / All) MK_GRIFFS_NUKE: dumb nigger
(29:23 / All) MK_GRIFFS_NUKE: this was a fun game
(29:32 / All) MountainKings: Would have been easier if I noticed your base die lawl
(29:36 / All) kim.il.sung: glaives was fun
(29:53 / All) MK_GRIFFS_NUKE: its not my fault retard purple decided to "walk" to my base on this big ass map
(29:55 / All) MK_GRIFFS_NUKE: instead of tping
(30:16 / All) kim.il.sung: was easy win if oj didnt fuck us
(30:23 / All) MK_GRIFFS_NUKE: IT WAS 3V3 RETARD
(30:39 / All) kim.il.sung: ya but i tohught oj would make something
(30:47 / All) kim.il.sung: or i would a went bears dryads
(31:13 / All) MountainKings: Thanks for the repair
(31:32 / Allies) MK_GRIFFS_NUKE: ignore
(31:34 / Allies) MK_GRIFFS_NUKE: 2 many towers
(32:03 / Allies) MountainKings: Why didn't you repair my tank fully?
(32:14 / Allies) MountainKings: Repair the tank fully
(32:16 / Allies) MountainKings: or else
(32:23 / Allies) MountainKings: Repair it fully or else
(32:27 / Allies) MK-Z: and pink wtf??
(32:33 / Allies) MountainKings: I warned you
(32:33 / Allies) MK_GRIFFS_NUKE: i need tha tmine
(32:35 / Allies) MK_GRIFFS_NUKE: ok?
(32:37 / Allies) MountainKings: FULLY OR ELSE!
(32:41 / Allies) MK-Z: fucking bitch
(32:42 / Allies) MountainKings: FULL REPAIR MY TANK OR ELSE
(32:49 / All) MK_GRIFFS_NUKE: ur a fucking bitch not me red
(32:57 / Allies) MK-Z: admit it
(33:03 / All) KnightOfNights: tp staff
(33:24 / All) MK_GRIFFS_NUKE: rapedd
(33:27 / All) MountainKings: Fucking pussy
(33:36 / All) KnightOfNights: the fuck did my peons vanish to
(34:02 / Allies) MountainKings: Red
(34:06 / Allies) MountainKings: Repair my low HP tank
(34:07 / Allies) MountainKings: or else
(34:09 / All) MK_GRIFFS_NUKE: is a nigger
(34:20 / Allies) MountainKings: RED
(34:22 / Allies) MountainKings: I FUCKING SAID
(34:22 / Allies) MK-Z: kill me, we win anyway
(34:27 / Allies) MountainKings: REPAIR MY TANK OR ELSE BITCH
(34:33 / Allies) MountainKings: Yeah run that punk peon away
(34:37 / Allies) MK-Z: go ahead, we win anyway,
(34:47 / Allies) MountainKings: I'll make sure we don't
(34:56 / Allies) MK-Z: that's fine
(35:03 / Allies) MK-Z: as if i really care
(35:06 / All) MK_GRIFFS_NUKE: good bye litlte peasant
(35:07 / Allies) MountainKings: Then leave
(35:12 / Allies) MountainKings: if you don't care about losing
(35:22 / Allies) MK-Z: that doesnt imply i have to leave
(35:29 / Allies) MountainKings: Yes it does you lost so get out and find a new match
(35:39 / Allies) MK-Z: what dont you leave
(35:47 / Allies) MountainKings: Because I want to make sure you lose
(36:07 / Allies) MK-Z: makes no sense, or well, what do i expect out of you
(36:44 / All) MK_GRIFFS_NUKE: WE MUST DEFEND THE YELLOW CITY
(36:45 / Allies) MK-Z: good bitch
(37:18 / Allies) MK-Z: pink since when you are sucking his dick
(37:44 / All) MK_GRIFFS_NUKE: fucking pally!
(37:52 / All) MountainKings: High level pallies suck to kill
(38:21 / All) MK_GRIFFS_NUKE: good work green
(39:04 / All) MK_GRIFFS_NUKE: haha
(39:06 / All) MK_GRIFFS_NUKE: rape
(39:07 / All) MK_GRIFFS_NUKE: age
(39:14 / All) KnightOfNights: tp to towers?
(39:27 / All) MountainKings: yeah and staffs to keep it to die to them lawl
(39:35 / All) MK_GRIFFS_NUKE: we tp staffed his am and pally so h ecouldnt heal
(39:39 / All) KnightOfNights: lawl
(40:03 / All) MK-Z: might as well let oj end me
(40:07 / All) MK_GRIFFS_NUKE: karnwield the seeker shall perish
(40:37 / All) MK-Z: but i am still here
(41:18 / All) MK_GRIFFS_NUKE: dat micro green
(42:31 / All) MK_GRIFFS_NUKE: fuckers just dont have any quit in them
(42:34 / All) MK_GRIFFS_NUKE: gotta admire it
(42:53 / All) MK_GRIFFS_NUKE: subzero n64 was the worst game ever
(43:16 / All) KnightOfNights: rofl
(43:45 / All) SubZeroLives: 28k of gold....oj is a greedy litle bastard
(43:50 / All) MK_GRIFFS_NUKE: wheres ur heros bitch green?
(44:04 / All) MK_GRIFFS_NUKE: oh THATS right
(44:06 / All) MK_GRIFFS_NUKE: i raped em
(44:08 / All) SubZeroLives: none of your bussines bitch
(44:16 / All) SubZeroLives: nah, you got lucky thats it
(44:28 / All) MountainKings: yeah it was luck when I stomped your base with tanks
(44:30 / All) MountainKings: just got lucky!
(44:34 / All) MK_GRIFFS_NUKE: bro u lack my apm, my apm average is 60
(44:35 / All) SubZeroLives: yup
(44:36 / All) MK_GRIFFS_NUKE: beat that
(44:37 / All) MK_GRIFFS_NUKE: asshold
(44:50 / All) SubZeroLives: Anyone can, fucking jewish dork
(45:06 / All) MK_GRIFFS_NUKE: want me to upload this replay of u getting raped on wcr?
(45:09 / All) MK_GRIFFS_NUKE: cu z i will
(45:10 / All) MK_GRIFFS_NUKE: then ur reputation will be over
(45:17 / All) SubZeroLives: yawn...boring...just talk to the hand, dork
(45:26 / All) KnightOfNights: Green is 15
(45:48 / All) SubZeroLives: yeah...15 times better than u, fucking greedy jew
(46:04 / All) KnightOfNights: Oh yeah then why'd you lose and die?
(46:28 / All) MK_GRIFFS_NUKE: wheres ur blacksmith bro
(46:32 / All) MK_GRIFFS_NUKE: oh thats rihgt, its dead
(47:01 / All) SubZeroLives: doh...u have a stupid hero and I dont have anything because oj stupid attitude
(47:13 / All) SubZeroLives: plus hes a dork...hes destroying his stuff
(47:24 / All) KnightOfNights: Don't pin all the blame on me
(47:29 / All) MK_GRIFFS_NUKE: green it was 3v3, actually it was 3v2, yellow was afk half this game
(47:31 / All) KnightOfNights: You guys lost fair and square
(47:31 / All) MK_GRIFFS_NUKE: u SHOULD have own
(47:33 / All) SubZeroLives: well.. I mean, he she or it.... Im not quite sure
(47:36 / All) MountainKings: I wasn't AFK
(47:52 / All) KnightOfNights: I'm a manly man's man, yo
(48:10 / All) KnightOfNights: Rough tough, I don't frequent the Weenie Hut Jr that's for sure
(48:15 / All) SubZeroLives: cya bunch of losers.... learn to play as a team and be good winners and not fucking assoles
(48:25 / All) KnightOfNights: lawl
(48:28 / All) MountainKings: god dammit
(48:30 / All) MK_GRIFFS_NUKE: yay
(48:34 / All) MK_GRIFFS_NUKE: gay ass red gets loss
(48:52 / All) MK_GRIFFS_NUKE: for w/e reason oj
(48:57 / All) MK_GRIFFS_NUKE: purple was hell bent on u
(49:00 / All) MK_GRIFFS_NUKE: u had a thousand towers
(49:04 / All) MK_GRIFFS_NUKE: yet he still pinged ur base
(49:05 / All) KnightOfNights: lawl
(49:17 / All) KnightOfNights: I tk his ass everytime I see him
(49:32 / All) MK_GRIFFS_NUKE: i absolutely want to face naggers r us
(49:35 / All) MK_GRIFFS_NUKE: and that macro guy
(51:22 / All) MK_GRIFFS_NUKE: red sure "does not care"
(52:11 / All) MK_GRIFFS_NUKE: farewell bor stonebreaker
(52:17 / All) MountainKings: what'd I forget
(52:19 / All) MountainKings: oh lm
(52:29 / All) MK_GRIFFS_NUKE: thordin.......